 Dungeon Crawl Stone Soup version 0.23.0-28-g6fe0f4dc8b (webtiles) character file.

Game seed: 3177317529591111922

31927 HolyGrifer the Tortoise (level 13, 0/114 HPs)
             Began as a Minotaur Fighter on Feb 25, 2019.
             Was an Initiate of Gozag.
             Slain by a death yak (14 damage)
             ... on level 5 of the Lair of Beasts.
             The game lasted 01:09:17 (20454 turns).

HolyGrifer the Tortoise (Minotaur Fighter)         Turns: 20454, Time: 01:09:17

Health: 0/114      AC: 25    Str: 32    XL:     13   Next: 28%
Magic:  13/13      EV:  9    Int:  3    God:    Gozag
Gold:   971        SH: 14    Dex: 11    Spells: 12/12 levels left

rFire    x . .     SeeInvis .   a - +6 flail
rCold    + . .     Gourm    .   c - +0 shield
rNeg     . . .     Faith    .   l - +4 plate armour
rPois    .         Spirit   .   u - +1 hat
rElec    .         Reflect  .   A - +0 cloak
rCorr    .         Harm     .   (no gloves)
MR       +....     Clarity  +   y - +0 pair of boots
Stlth    ..........             (no amulet)
HPRegen  0.29/turn              E - ring of Fatigue {Ice Str+7}
MPRegen  0.13/turn              q - ring of protection from magic

@: gold aura, starving
A: retaliatory headbutt, horns 2, clarity, dopey 1
a: Potion Petition, Call Merchant, Bribe Branch, Renounce Religion


You were on level 5 of the Lair of Beasts.
You worshipped Gozag.
Gozag was pleased with you.
You were starving.

You visited 3 branches of the dungeon, and saw 17 of its levels.
You also visited: Sewer.

You collected 2968 gold pieces.
You spent 287 gold pieces at shops.
You paid 1710 gold pieces to Gozag.

Inventory:

Hand Weapons
 a - a +6 flail (weapon)
Armour
 b - a +0 scale mail
 c - a +0 shield (worn)
 l - a +4 plate armour (worn)
 u - a +1 hat (worn)
 y - a +0 pair of boots (worn)
 A - a +0 cloak (worn)
Magical Staves
 n - an uncursed staff of earth
Jewellery
 i - a +3 ring of intelligence
 q - a ring of protection from magic (right hand)
 x - an uncursed ring of resist corrosion
 E - the ring of Fatigue (left hand) {Ice Str+7}
   (You found it on level 8 of the Dungeon)

   [ring of ice]

   It enhances your ice magic.
   It affects your strength (+7).
   It makes you vulnerable to fire.
   It protects you from cold.
 I - a +2 ring of slaying
 N - an uncursed ring of positive energy
 P - a +2 ring of dexterity
 S - an uncursed ring of protection from cold
 U - an uncursed amulet of harm
Wands
 o - a wand of random effects (25)
 C - a wand of disintegration (9)
 D - a wand of digging (6)
 F - a wand of paralysis (6)
 G - a wand of enslavement (12)
 O - a wand of scattershot (1)
Scrolls
 e - 9 scrolls of remove curse
 g - 15 scrolls of identify
 h - 11 scrolls of teleportation
 p - 3 scrolls of fear
 r - 2 scrolls of immolation
 v - 2 scrolls of blinking
 w - 3 scrolls of fog
 z - a scroll of vulnerability
 H - 5 scrolls of amnesia {unknown}
 M - a scroll of acquirement {unknown}
Potions
 d - 2 potions of might
 j - 2 potions of heal wounds
 k - a potion of lignification {unknown}
 m - 3 potions of cancellation {unknown}
 s - 3 potions of magic {unknown}
 t - 4 potions of curing
 B - a potion of agility {unknown}
 J - a potion of brilliance
 K - 3 potions of flight {unknown}
 V - a potion of berserk rage
Miscellaneous
 L - a sack of spiders
 Q - a lightning rod (2/4)
 R - a lamp of fire (inert)
 T - a lightning rod (2/4)
Comestibles
 f - 31 rations


   Skills:
 + Level 10.6 Fighting
 + Level 14.3 Maces & Flails
 * Level 15.6 Armour
 + Level 2.3 Dodging
 + Level 1.5 Stealth
 + Level 12.8 Shields
 + Level 1.5 Evocations


You had 12 spell levels left.
You didn't know any spells.
Your spell library contained the following spells:

 Spells                   Type           Power        Failure   Level  Hunger
 Summon Butterflies       Summ           #.......     98%         1    ##.....
 Bolt of Magma            Conj/Fire/Erth #.........   100%        5    ######.
 Iskenderun's Battlesphe  Conj/Chrm      #.......     100%        5    ######.
 Venom Bolt               Conj/Pois      #.........   100%        5    ######.
 Iron Shot                Conj/Erth      #.........   100%        6    #######
 Orb of Destruction       Conj           #.........   100%        7    #######
 Spellforged Servitor     Conj/Summ      #.........   100%        7    #######


Dungeon Overview and Level Annotations

Branches:
Dungeon (10/15)            Temple (1/1) D:6            Lair (6/6) D:10
 Shoals (0/4) Lair:4          Orc (0/2) D:10
  Snake: Lair:2-4    Spider: Lair:2-4     Slime: Lair:5-6

Altars:
Ashenzari
Cheibriados
Dithmenos
Elyvilon
Fedhas
Gozag
Hepliaklqana
Kikubaaqudgha
Makhleb
Nemelex Xobeh
Okawaru
Qazlal
Ru
Sif Muna
Trog
Uskayaw
Vehumet
Wu Jian
Xom
Yredelemnul
Zin
The Shining One

Shops:
D:8 *   D:10 *


Innate Abilities, Weirdness & Mutations

You reflexively headbutt those who attack you in melee.
You have a pair of horns on your head.
You possess an exceptional clarity of mind.
You are dopey. (Int -2)


Message History

You sock the death yak!
You kill the death yak!
You sock the death yak!
The death yak is severely wounded.
The death yak gores you!
* * * LOW HITPOINT WARNING * * *
You sock the death yak!
The death yak is almost dead.
The death yak gores you!
* * * LOW HITPOINT WARNING * * *
You barely miss the death yak.
The death yak is almost dead.
Evoke which item? (* to show all) (? for menu, Esc to quit)
Aiming: Paralyse
Press: ? - help, Shift-Dir - straight line, f - death yak
Aim: a death yak (almost dead, chance to defeat MR: 2%)
The death yak resists with almost no effort.
The death yak gores you!
You die...
Your body crumbles into a pile of gold.

## ### ########## ##### ### ####.
..#####.#.P.#.Y###...###.####..#.
..............YY@................
..P.P.#..#....Y##...#.#..........
.####.#####....##.####.#.........
.#P##..P##....P###.####....#..#.#
........##...Y.#......##....#.##.
........###...Y........+...#.....
...#....###...#......###.........
.#####.###....##.Y.### ..........
..# ##.##....##..## ........#..


You could see 4 death yaks.

Vanquished Creatures
  Rupert (Lair:3)
  Gastronok (Lair:1)
  The ghost of Deed the Peltast, a journeyman MiFi of Wu Jian (Lair:3)
  3 hydras
  Erica (D:9)
  3 two-headed ogres (D:9)
  2 death yaks (Lair:5)
  Urug (Lair:5)
  Sonja (Lair:3)
  3 elephants (Lair:3)
  Maurice (D:9)
  8 spiny frogs
  2 black mambas (Lair:3)
  4 rime drakes
  7 komodo dragons
  7 blink frogs
  9 hippogriffs
  A wyvern (Lair:2)
  Eustachio (D:5)
  2 basilisks (Lair:3)
  13 yaks
  3 water moccasins
  2 hell hounds (Lair:3)
  7 porcupines
  3 ice beasts
  A sky beast (D:10)
  3 phantoms (D:8)
  2 black bears
  4 ogres
  6 necrophages
  8 wolves
  13 crocodiles
  2 centaurs
  16 bullfrogs
  Blork the orc (D:5)
  A water moccasin skeleton (D:8)
  3 scorpions (D:10)
  3 wights (D:10)
  4 killer bees (D:9)
  4 howler monkeys
  2 crimson imps
  A bullfrog zombie (D:7)
  7 hounds
  2 orc priests (D:5)
  6 orc wizards
  3 centaur skeletons
  A centaur zombie (D:7)
  2 bullfrog skeletons
  Jessica (D:3)
  4 iguanas
  Ijyb (D:3)
  11 worker ants
  3 hound skeletons
  2 worker ant zombies
  9 adders
  11 gnolls
  A howler monkey skeleton (D:8)
  A river rat (Sewer)
  2 shadow imps
  An ooze (D:4)
  3 adder skeletons
  4 worms
  5 dart slugs
  7 leopard geckos
  17 orcs
  7 ball pythons
  9 giant cockroaches
  9 hobgoblins
  18 jackals
  7 kobolds
  4 quokkas
  13 bats
  11 frilled lizards
  12 goblins
  A jackal skeleton (D:4)
  A quokka zombie (D:8)
  17 rats
  3 bushes
  4 fungi
  2 plants (D:2)
383 creatures vanquished.

Vanquished Creatures (others)
  10 fungi
  8 plants
18 creatures vanquished.

Grand Total: 401 creatures vanquished

Notes
Turn   | Place    | Note
-------+----------+-------------------------------------------
     0 | D:1      | HolyGrifer the Minotaur Fighter began the quest for the
                  | Orb.
     0 | D:1      | Reached XP level 1. HP: 19/19 MP: 0/0
   105 | D:1      | Reached skill level 4 in Armour
   121 | D:1      | Reached XP level 2. HP: 26/27 MP: 1/1
   156 | D:1      | Found an iron altar of Okawaru.
   352 | D:1      | Reached XP level 3. HP: 22/33 MP: 2/2
  1343 | D:2      | Found a shimmering altar of Xom.
  1468 | D:2      | Reached XP level 4. HP: 40/40 MP: 3/3
  1578 | D:2      | Reached skill level 1 in Dodging
  2167 | D:3      | Reached skill level 5 in Armour
  2445 | D:3      | Noticed Jessica
  2460 | D:3      | Killed Jessica
  2460 | D:3      | Reached XP level 5. HP: 45/46 MP: 4/4
  2803 | D:3      | Noticed Ijyb
  2810 | D:3      | Killed Ijyb
  2810 | D:3      | Reached XP level 6. HP: 38/53 MP: 5/5
  3106 | D:3      | Reached skill level 5 in Shields
  3536 | D:4      | Reached skill level 5 in Maces & Flails
  3549 | D:4      | Reached skill level 6 in Armour
  3802 | D:4      | Reached XP level 7. HP: 46/60 MP: 6/6
  4037 | D:4      | Found a glowing drain.
  4050 | Sewer    | Entered a sewer
  4409 | D:4      | Reached skill level 7 in Armour
  5047 | D:5      | Entered Level 5 of the Dungeon
  5067 | D:5      | Reached skill level 5 in Fighting
  5075 | D:5      | Reached XP level 8. HP: 52/68 MP: 7/7
  5112 | D:5      | Noticed Eustachio
  5126 | D:5      | Killed Eustachio
  5231 | D:5      | Found a bloodstained altar of Trog.
  5297 | D:5      | Found a blossoming altar of Fedhas.
  5298 | D:5      | Found a basalt altar of Yredelemnul.
  5301 | D:5      | Noticed Blork the orc
  5313 | D:5      | Reached skill level 8 in Armour
  5319 | D:5      | Killed Blork the orc
  5632 | D:5      | Found an opulent altar of Gozag.
  5655 | D:5      | Became a worshipper of Gozag Ym Sagoz the Greedy
  5824 | D:5      | Found a deep blue altar of Sif Muna.
  5824 | D:5      | Found an ancient bone altar of Kikubaaqudgha.
  5827 | D:5      | Found a radiant altar of Vehumet.
  5832 | D:5      | Identified Sif Muna's Disquisition on the Escort
  6050 | D:6      | Found a staircase to the Ecumenical Temple.
  6062 | Temple   | Entered the Ecumenical Temple
  6441 | D:6      | Found a glowing golden altar of the Shining One.
  6899 | D:7      | Reached XP level 9. HP: 75/75 MP: 8/8
  7192 | D:7      | Found a blossoming altar of Fedhas.
  7257 | D:7      | Reached skill level 9 in Armour
  7633 | D:8      | Got a steaming glass ring
  7637 | D:8      | Identified the ring of Fatigue {Ice Str+7} (You found it on
                  | level 8 of the Dungeon)
  7644 | D:8      | Reached skill level 10 in Maces & Flails
  8432 | D:8      | Bought a scroll of teleportation for 33 gold pieces
  8432 | D:8      | Bought a scroll of identify for 22 gold pieces
  8943 | D:9      | Noticed a two-headed ogre
  8955 | D:9      | Killed a two-headed ogre
  8955 | D:9      | Reached skill level 10 in Armour
  8955 | D:9      | Reached XP level 10. HP: 48/84 MP: 9/9
  9390 | D:9      | Noticed Maurice
  9606 | D:9      | Noticed Erica
  9620 | D:9      | Killed Erica
 10064 | D:9      | Killed Maurice
 10103 | D:9      | Reached skill level 11 in Armour
 10121 | D:9      | Noticed a two-headed ogre
 10131 | D:9      | Killed a two-headed ogre
 10516 | D:9      | Noticed a two-headed ogre
 10524 | D:9      | Killed a two-headed ogre
 11007 | D:10     | Entered Level 10 of the Dungeon
 11146 | D:10     | Found a staircase to the Lair.
 11155 | D:10     | Found a staircase to the Orcish Mines.
 11209 | D:10     | Reached XP level 11. HP: 92/92 MP: 10/10
 11549 | D:10     | Found Bigrua Ugue's Assorted Antiques.
 11554 | D:10     | Bought an orange potion for 18 gold pieces
 11554 | D:10     | Bought a scroll of enchant armour for 157 gold pieces
 11554 | D:10     | Bought a lumpy dark potion for 18 gold pieces
 11554 | D:10     | Bought a bubbling blue potion for 18 gold pieces
 11554 | D:10     | Bought a scroll labeled QIYRGHE DOECABB for 21 gold pieces
 11594 | D:10     | Gained mutation: You are dopey. (Int -2) [potion of
                  | mutation]
 11594 | D:10     | Gained mutation: You possess an exceptional clarity of
                  | mind. [potion of mutation]
 12253 | Lair:1   | Entered Level 1 of the Lair of Beasts
 12253 | Lair:1   | Noticed Gastronok
 12267 | Lair:1   | Killed Gastronok
 12267 | Lair:1   | Reached skill level 12 in Armour
 12267 | Lair:1   | Reached skill level 10 in Shields
 13491 | Lair:2   | Reached skill level 13 in Armour
 15448 | Lair:3   | Reached skill level 1 in Stealth
 15495 | Lair:3   | Noticed Deed's ghost (journeyman MiFi)
 15496 | Lair:3   | Reached XP level 12. HP: 89/104 MP: 11/11
 15534 | Lair:3   | Noticed Rupert
 15548 | Lair:3   | Found a runed translucent gate.
 15548 | Lair:3   | Found a runed translucent gate.
 15569 | Lair:3   | Killed Rupert
 15569 | Lair:3   | Reached skill level 14 in Armour
 15570 | Lair:3   | Found a runed translucent gate.
 15919 | Lair:3   | Noticed a five-headed hydra
 15929 | Lair:3   | Killed a five-headed hydra
 16213 | Lair:3   | Reached skill level 10 in Fighting
 16934 | Lair:3   | Noticed Sonja
 16959 | Lair:3   | Killed Sonja
 17748 | Lair:3   | Killed Deed's ghost
 18100 | Lair:3   | Reached skill level 15 in Armour
 18581 | Lair:4   | Found an ancient bone altar of Kikubaaqudgha.
 18596 | Lair:4   | Reached skill level 1 in Evocations
 19055 | Lair:4   | Found a staircase to the Shoals.
 19160 | Lair:4   | You fall through a shaft for 2 floors!
 19160 | Lair:6   | Entered Level 6 of the Lair of Beasts
 19160 | Lair:6   | Noticed an eight-headed hydra
 19172 | Lair:6   | Killed an eight-headed hydra
 19172 | Lair:6   | Reached XP level 13. HP: 70/114 MP: 12/12
 19811 | Lair:5   | Noticed Urug
 19826 | Lair:5   | Killed Urug
 20454 | Lair:5   | Slain by a death yak

Skill      XL: |  1  2  3  4  5  6  7  8  9 10 11 12 |
---------------+-------------------------------------+-----
Armour         | 4 5 6 7 8 10 11 13 15 | 15.6
Maces & Flails | 3 4 5 7 8 10 12 13 14 | 14.3
Shields        | 4 5 6 7 8 9 10 12 | 12.8
Dodging        | 1 2 |  2.3
Fighting       | 4 5 6 7 9 10 | 10.6
Stealth        | 1 |  1.5
Evocations     | 1 |  1.5

Action                   |  1- 3 |  4- 6 |  7- 9 | 10-12 | 13-15 || total
-------------------------+-------+-------+-------+-------+-------++-------
Melee: Flail             |   129 |   222 |   462 |   627 |   105 ||  1545
       Headbutt          |    24 |    43 |   103 |   170 |    31 ||   371
Invok: Potion Petition   |       |       |     1 |     2 |       ||     3
       Call Merchant     |       |       |     1 |       |       ||     1
Evoke: Wand              |       |       |     1 |     3 |     2 ||     6
       Lightning rod     |       |       |       |     7 |       ||     7
       Lamp of fire      |       |       |       |     1 |       ||     1
  Use: Scroll            |     1 |     2 |     4 |    21 |     2 ||    30
       Potion            |       |       |       |     9 |       ||     9
 Stab: Distracted        |       |       |       |     1 |     1 ||     2
  Eat: Ration            |     1 |     1 |     5 |     9 |     1 ||    17
       Chunk             |       |     2 |     1 |       |       ||     3
Armor: Scale mail        |    54 |       |       |       |       ||    54
       Plate armour      |       |   140 |   241 |   302 |    51 ||   734
Dodge: Dodged            |    54 |    37 |    91 |   184 |    31 ||   397
Block: Shield            |    70 |   138 |   241 |   429 |    62 ||   940
